woodfighter, chaotic female orcish Cavewoman ----- --------- |<..--- ------.......-- ------- |.....---|...)...).--..| |.....| --..|....|%---------|..| |.(_..| ---|.....(...| ---- |.....| ----.|....|--- ---- ---|--- -----..|..----...-- |%| |..|....|.....---- |.| --(..............---.-- |.... .-- ........@- ----. ........ -.. .. | G .. .. woodfighter the Young Cave Woman Experience level: 6 Strength: 18 Dexterity: 13 Constitution: 18 Intelligence: 10 Wisdom: 7 Charisma: 9 Health: 0(58) Energy: 19(19) Def: 11 Gold: 0 Moves: 1801 Dungeon seed: P_ECafhBDh3aG0rc Game ID: woodfighter_1476908127 Your Inventory: Weapons a - a +0 dwarvish spear (weapon in hand) b - a +2 sling (alternate weapon; not wielded) Armor y - an uncursed +0 dwarvish cloak I - an uncursed +1 dwarvish iron helm (being worn) J - an uncursed +0 pair of iron shoes (being worn) K - an uncursed +0 dwarvish cloak N - an uncursed very burnt +0 dwarvish cloak (being worn) Y - an uncursed +0 dwarvish mithril-coat (being worn) Comestibles f - 2 uncursed food rations i - an uncursed tin of jackal meat k - an uncursed lichen corpse B - 2 uncursed cram rations Wands t - a wand of digging (0:4) Tools s - a cursed partly used tallow candle (lit) (0:150) C - a +0 pick-axe Gems e - 10 uncursed flints (in quiver) Spells and supernatural/magical abilities: Name Level Category Fail Memory W - pray for help -- divine ? -- Your skills at the end: Miscellaneous Skills bare handed combat [Basic] Weapon Skills scimitar [Basic] club [Basic] sling [Basic] Spellcasting Skills Final Attributes: You were piously aligned. You were poison resistant. Your writing hand was a little cramped from use. You had infravision. You were very stealthy. You are dead. Vanquished creatures: a small mimic a gnome king a rock piercer 3 gnome lords 8 dwarves a kobold lord an iguana a rabid rat a jitterbug 2 killer bees a hobbit a gecko 15 gnomes 2 jackals 2 newts 2 sewer rats 2 grid bugs 2 lichens a kobold zombie 48 creatures vanquished. Voluntary challenges: You did not adorn yourself with jewelry or accessories. You did not cause conflict. You were not invisible. You did not have reflection. You were not displaced. You used a wielded weapon 73 times, starting on turn 10. You did not use tools. You did not use plumbed fixtures. You did not drink any magical draughts. You read items or engraved 2 times, starting on turn 1779. You never genocided any monsters. You never polymorphed an object. You never changed form. You used no wishes. You never split a pudding. You never wrote Elbereth's name. You never violated your personal moral code. Dungeon overview: The Dungeons of Doom: levels 1 to 3 Level 1 a long staircase Level 2 (wl) a general store stairs to The Gnomish Mines Level 3 The Gnomish Mines: levels 3 to 5 Level 3 stairs to The Dungeons of Doom Level 4 Level 5 (l) <- You were here a temple to Ishtar, a magic chest History has recorded: On T:1 you entered the Dungeons of Doom to retrieve the Amulet of Yendor! On T:93 you reached level 2 of The Dungeons of Doom. On T:411 you reached level 1 of The Gnomish Mines. On T:456 you reached level 3 of The Dungeons of Doom. On T:616 you advanced to experience level 2. On T:673 you advanced to experience level 3. On T:774 you advanced to experience level 4. On T:910 you reached level 2 of The Gnomish Mines. On T:1261 you advanced to experience level 5. On T:1551 you reached level 3 of The Gnomish Mines. On T:1577 you advanced to experience level 6. On T:1738 you entered the Minetown temple On T:1752 you opened a magic chest. Score breakdown: Gold: 0 ( 0 points) Experience: 6 levels ( 500 points) Exploration: 5 levels ( 120 points) Discoveries: 13 items ( 650 points) Variety of kills: 19 monsters ( 950 points) Major goal: reached Minetown ( 500 points) Survival: died (score multiplied by 3) Total score: 8160 Latest messages: You put an uncursed wand of create monster into the magic chest. You put an uncursed wand of striking into the magic chest. You put an uncursed wand called zaptest1 into the magic chest. You put an uncursed wand of slow monster into the magic chest. You put 5 uncursed flints into the magic chest. The door opens. The killer bee stings! The killer bee just misses! You miss the killer bee. The killer bee stings! You miss the killer bee. The killer bee misses. The killer bee stings! You jab the killer bee. The killer bee misses. You kill the killer bee! You miss the killer bee. The killer bee misses. You kill the killer bee! You see here a killer bee corpse. The gnome plays a fire horn! The bolt of fire hits you! Your cloak smoulders! The bolt of fire bounces! The bolt of fire hits you! Your cloak smoulders further! You die... Final status: Goodbye woodfighter the Cavewoman, killed by a bolt of fire... You died in The Gnomish Mines on dungeon level 5 with 8160 points, and 0 pieces of gold, after 1801 moves. You were level 6 with a maximum of 58 hit points when you died.